 Dungeon Crawl Stone Soup version 0.30-a0-879-ga8ba668304 (webtiles) character file.

Game seed: 13392762396480123445

28354 jasper the Cruncher (level 13, 0/98 HPs)
             Began as a Demonspawn Conjurer on Mar 12, 2023.
             Was an Elder of Vehumet.
             Hit by a javelin thrown by Urug (4 damage)
             ... on level 1 of the Lair of Beasts.
             The game lasted 00:37:31 (13771 turns).

jasper the Cruncher (Demonspawn Conjurer)          Turns: 13771, Time: 00:37:32

Health: 0/98       AC: 16    Str: 11    XL:     13   Next: 9%
Magic:  9/25       EV: 15    Int: 23    God:    Vehumet [****..]
Gold:   363        SH:  6    Dex: 13    Spells: 6/28 levels left

rFire   . . .      SeeInvis .    X - staff of conjuration
rCold   . . .      Faith    .    F - +1 buckler
rNeg    . . .      Spirit   .    a - +0 robe
rPois   +          Reflect  .    f - +1 hat
rElec   .          Rampage  .    (no cloak)
rCorr   .                        k - +0 pair of gloves
Will    .....                    Z - +1 pair of boots of Gallantry {Str+3 Slay+3}
Stlth   ++                       O - amulet of magic regeneration
HPRegen 0.36/turn                x - ring of poison resistance
MPRegen 0.59/turn                E - +4 ring of protection

@: sanguine armoured
A: horns 1, demonic guardian 1, sanguine armour 1, demonic magic 2
a: Renounce Religion


You were on level 1 of the Lair of Beasts.
You worshipped Vehumet.
Vehumet was greatly pleased with you.
You visited 3 branches of the dungeon, and saw 14 of its levels.
You also visited: Bailey.

You collected 831 gold pieces.
You spent 468 gold pieces at shops.

Inventory:

Missiles
 p - 14 boomerangs
 w - 4 curare-tipped darts
 R - 10 poisoned darts
Armour
 a - a +0 robe (worn)
 f - a +1 hat (worn)
 k - a +0 pair of gloves (worn)
 F - a +1 buckler (worn)
 Z - the +1 pair of boots of Gallantry (worn) {Str+3 Slay+3}
   (You acquired it in a bailey)

   Str:       It affects your strength (+3).
   Slay:      It affects your accuracy & damage with ranged weapons and melee
   (+3).
Magical Staves
 V - a staff of earth
 X - a staff of conjuration (weapon)
Jewellery
 n - a ring of protection from cold
 t - an amulet of regeneration
 v - a ring of protection from fire
 x - a ring of poison resistance (left hand)
 y - a +6 ring of dexterity
 E - a +4 ring of protection (right hand)
 G - a ring of resist corrosion
 O - an amulet of magic regeneration (around neck)
 T - a ring of see invisible
Wands
 e - a wand of iceblast (1)
 h - a wand of polymorph (23)
 s - a wand of paralysis (19)
 z - a wand of flame (19)
 P - a wand of mindburst (21)
Scrolls
 c - 2 scrolls of fear
 g - 2 scrolls of immolation
 A - 2 scrolls of vulnerability
 J - 2 scrolls of enchant weapon
 M - 5 scrolls of teleportation
 N - 2 scrolls of poison
 U - a scroll of amnesia
 Y - a scroll of fog
Potions
 b - a potion of magic
 d - 2 potions of degeneration
 i - a potion of attraction
 j - 4 potions of haste
 l - a potion of ambrosia
 m - a potion of flight
 o - a potion of lignification
 q - 5 potions of brilliance
 r - 5 potions of cancellation
 B - a potion of curing {unknown}
 L - 3 potions of might
 S - 2 potions of mutation
 W - 4 potions of resistance {unknown}


   Skills:
 - Level 8.0 Fighting
 + Level 9.4 Staves
 - Level 8.0 Dodging
 - Level 1.7 Stealth
 - Level 4.0 Shields
 - Level 8.0 Spellcasting
 - Level 7.0 Conjurations
 - Level 6.1 Hexes
 - Level 5.0 Translocations
 - Level 6.0 Evocations


You had 6 spell levels left.
You knew the following spells:

 Your Spells              Type           Power      Damage    Failure   Level
a - Magic Dart            Conj           100%       1d8       1%          1
b - Searing Ray           Conj           100%       2d8       1%          2
c - Dazzling Flash        Conj/Hex       100%       N/A       1%          3
d - Fulminant Prism       Conj/Hex       28%        3d14      1%          4
e - Iskenderun's Mystic   Conj/Tloc      53%        2d11      2%          4
f - Mephitic Cloud        Conj/Pois/Air  29%        N/A       2%          3
g - Freezing Cloud        Conj/Ice/Air   14%        6-21      24%         5

Your spell library contained the following spells:

 Spells                   Type           Power      Damage    Failure   Level
 Inner Flame              Hex/Fire       23%        N/A       2%          3
 Scorch                   Fire           18%        2d6       3%          2
 Flame Wave               Conj/Fire      38%        2d10      5%          4
 Sticky Flame             Conj/Fire      38%        2d6       5%          4
 Summon Guardian Golem    Hex/Summ       23%        N/A       8%          3
 Summon Small Mammal      Summ           36%        N/A       9%          1
 Call Imp                 Summ           9%         N/A       13%         2
 Call Canine Familiar     Summ           9%         N/A       26%         3
 Anguish                  Hex/Necr       11%        N/A       26%         4
 Summon Cactus Giant      Summ           4%         N/A       100%        6
 Orb of Destruction       Conj           29%        9d9       67%         7
 Spellforged Servitor     Conj/Summ      19%        N/A       98%         7
 Enfeeble                 Hex            18%        N/A       99%         7


Dungeon Overview and Level Annotations

Branches:
Dungeon (11/15)            Temple (1/1) D:7            Lair (2/5) D:10
    Orc (0/2) D:9          Bailey (visited)
  Swamp: Lair:2-3    Shoals: Lair:2-3     Snake: Lair:2-3    Spider: Lair:2-3

Altars:
Fedhas
Gozag
Hepliaklqana
Kikubaaqudgha
Makhleb
Nemelex Xobeh
Okawaru
Qazlal
Trog
Vehumet
Wu Jian
Yredelemnul

Shops:
D:4 =   D:5 (   D:6 [   D:11 (

Annotations:
Lair:1 Urug


Innate Abilities, Weirdness & Mutations

You have a pair of small horns on your head.
A weak demonic guardian rushes to your aid.
When seriously injured, your blood forms armour. (AC +6)
Spells you cast may paralyse nearby enemies.


Message History

Malevolent energies surge around you.
Urug is engulfed in noxious fumes.
Urug zaps a wand.
The bolt of dispelling energy hits you!
The now-empty wand crumbles to dust.
You take 9 damage, and have 32/98 hp.
You now have 13/25 mp.
The searing ray hits Urug but does no damage.
Urug is moderately wounded.
Urug is engulfed in noxious fumes.
The searing ray hits Urug but does no damage.
Urug is moderately wounded.
You now have 12/25 mp.
The searing ray hits Urug.
Urug is moderately wounded.
You finish channelling your searing ray.
Urug hits you with a +5 eveningstar of protection!!
* * * LOW HITPOINT WARNING * * *
A demonic guardian appears!
You take 21 damage, and have 12/98 hp.
MASSIVE DAMAGE!!
Casting: Searing Ray (safe; 1% risk of failure)
Confirm with . or Enter, or press ? or * to list all spells.
You feel a surge of power! Really blast near your white imp?
You erupt in a blast of force!
Your demonic guardian avoids your attack.
The mystic blast hits Urug but does no damage.
Urug is moderately wounded.
Malevolent energies surge around you.
Urug hits you with a +5 eveningstar of protection!
* * * LOW HITPOINT WARNING * * *
You take 8 damage, and have 4/98 hp.
You now have 8/25 mp.
Okay, then.
Blink to where?
Press: ? - help, Dir - move target, p - Urug
As you read the scroll of blinking, it crumbles to dust.
Urug throws a javelin.
The javelin pierces through your white imp!!
Your white imp dies!
Your white imp disappears in a puff of smoke!
The javelin pierces through the plant!!
The plant begins to die.
The javelin pierces through you.
You die...

#.............................
#......................###P...
#......................# ###..
##.................P....## ##..
#........................# #...
##.....................### ##..
####....................P# #P..
.....#...................## ##..
.....#..........@.........# #..
##....#...............#..######..
#..............P....##...##...P..
##................P#.##..........
#...............................
##.......†.................##+#P.
#..........###§###...##..........
##........#>†§o>○○.....#...#.....
#..####..#.#.#.○.#+##.#...#.....


You could see Urug.

Vanquished Creatures
  Gastronok (Lair:1)
  3 two-headed ogres
  Sonja (Lair:1)
  An orc knight (Bailey)
  An orc sorcerer (Bailey)
  6 elephants
  A black mamba (Lair:1)
  A gargoyle (D:10)
  A cane toad (Lair:1)
  A kobold demonologist (Bailey)
  A rime drake (Lair:1)
  2 komodo dragons (Lair:1)
  A hornet (D:9)
  2 wyverns
  A wraith (D:11)
  15 yaks
  A steam dragon (D:8)
  A warg (D:9)
  An acid dragon (D:10)
  6 water moccasins
  16 orc warriors
  3 black bears
  An ice beast (D:7)
  5 wolves
  An ogre (D:5)
  5 centaurs
  Blork the orc (D:4)
  3 kobold brigands
  10 bullfrogs
  2 scorpions (D:5)
  2 howler monkeys
  5 electric eels (Bailey)
  A hound (D:5)
  2 gnoll boudas
  11 orc priests
  A jelly (D:6)
  3 iguanas (D:6)
  3 sleepcaps
  Ijyb (D:3)
  8 orc wizards
  8 adders
  15 gnolls
  A white imp (D:6)
  3 ufetubi
  3 dart slugs
  45 orcs
  8 bats
  8 endoplasms
  A giant cockroach (D:3)
  16 goblins
  11 hobgoblins
  14 kobolds
  5 quokkas
  7 ball pythons
  8 frilled lizards
  7 rats
  2 fulminant prisms
294 creatures vanquished.

Vanquished Creatures (collateral kills)
  A cane toad (Lair:1)
  An ogre (D:4)
  An orc priest (D:4)
  A giant cockroach (D:4)
4 creatures vanquished.

Vanquished Creatures (others)
  A kobold (D:8)
  40 fulminant prisms
  44 fungi
  51 plants (D:10)
136 creatures vanquished.

Grand Total: 434 creatures vanquished

Notes
Turn   | Place    | Note
-------+----------+-------------------------------------------
     0 | D:1      | jasper the Demonspawn Conjurer began the quest for the Orb.
     0 | D:1      | Reached XP level 1. HP: 13/13 MP: 3/3
   226 | D:1      | Gained mutation: A weak demonic guardian rushes to your
                  | aid. [demonic ancestry]
   226 | D:1      | Reached XP level 2. HP: 12/19 MP: 0/5
   299 | D:1      | Learned a level 2 spell: Searing Ray
  1290 | D:2      | Reached XP level 3. HP: 24/24 MP: 2/6
  1294 | D:2      | Learned a level 3 spell: Dazzling Flash
  1621 | D:2      | Reached skill level 1 in Hexes
  2092 | D:3      | Gained mutation: You have a pair of small horns on your
                  | head. [demonic ancestry]
  2092 | D:3      | Reached XP level 4. HP: 25/30 MP: 1/7
  2701 | D:3      | Found a basalt altar of Yredelemnul.
  2703 | D:3      | Noticed Ijyb
  3267 | D:4      | Reached XP level 5. HP: 24/35 MP: 0/8
  3361 | D:4      | Found Muckaceth's Jewellery Emporium.
  3459 | D:4      | Noticed an ogre
  3478 | D:4      | HP: 1/35 [ogre/+0 giant club (28)]
  3480 | D:4      | Killed an ogre
  3481 | D:4      | Reached skill level 5 in Conjurations
  3578 | D:4      | Noticed Blork the orc
  3608 | D:5      | Entered Level 5 of the Dungeon
  3663 | D:5      | Reached XP level 6. HP: 34/41 MP: 2/10
  3668 | D:5      | Learned a level 4 spell: Fulminant Prism
  3975 | D:5      | Found Gukuf's Weapon Shoppe.
  4391 | D:5      | Reached XP level 7. HP: 46/46 MP: 5/11
  4493 | D:5      | Reached skill level 5 in Hexes
  4968 | D:6      | Identified the +7 scale mail "Ophubler" {*Slow Will++}
  5230 | D:6      | Found a burning altar of Makhleb.
  5418 | D:6      | Found Liulefos's Antique Armour Shop.
  5425 | D:6      | Bought a buckler for 108 gold pieces
  5451 | D:6      | Reached XP level 8. HP: 52/52 MP: 7/13
  5462 | D:6      | Learned a level 4 spell: Iskenderun's Mystic Blast
  5571 | D:6      | Found an opulent altar of Gozag.
  5940 | D:7      | Identified the +6 sling "Rakices" {drain, Int+2 Dex+2}
  5942 | D:7      | Reached skill level 1 in Translocations
  6519 | D:7      | Found a staircase to the Ecumenical Temple.
  6525 | Temple   | Entered the Ecumenical Temple
  6547 | Temple   | Became a worshipper of Vehumet
  6926 | D:3      | Reached skill level 5 in Translocations
  6961 | D:3      | Killed Ijyb
  7141 | D:3      | Found a sparkling altar of Nemelex Xobeh.
  7414 | D:4      | Killed Blork the orc
  7415 | D:4      | Reached skill level 1 in Shields
  7869 | D:4      | Bought an amulet of magic regeneration for 360 gold pieces
  8487 | D:8      | Reached XP level 9. HP: 57/57 MP: 12/15
  8877 | D:8      | Reached * piety under Vehumet
  8877 | D:8      | Offered knowledge of Foxfire by Vehumet.
  8924 | D:8      | Found an iron altar of Okawaru.
  9032 | D:8      | Reached skill level 1 in Fighting
  9480 | D:9      | Reached skill level 5 in Spellcasting
  9485 | D:9      | Offered knowledge of Momentum Strike by Vehumet.
  9485 | D:9      | Reached ** piety under Vehumet
  9552 | D:9      | Found a staircase to the Orcish Mines.
  9762 | D:9      | Noticed a two-headed ogre
  9773 | D:9      | Killed a two-headed ogre
 10149 | D:9      | You fall into a shaft and drop 2 floors!
 10173 | D:11     | Learned a level 3 spell: Mephitic Cloud
 10203 | D:11     | Gained mutation: Spells you cast may paralyse adjacent
                  | enemies. [demonic ancestry]
 10203 | D:11     | Reached XP level 10. HP: 71/71 MP: 18/20
 10204 | D:10     | Entered Level 10 of the Dungeon
 10255 | D:10     | Noticed a gargoyle
 10261 | D:10     | Killed a gargoyle
 10265 | D:10     | Found a flagged portal.
 10298 | Bailey   | Entered a bailey
 10433 | Bailey   | Offered knowledge of Kindle Blastsparks by Vehumet.
 10437 | Bailey   | Noticed an orc knight
 10452 | Bailey   | Noticed an orc sorcerer
 10453 | Bailey   | Killed an orc knight
 10454 | Bailey   | Reached skill level 5 in Fighting
 10454 | Bailey   | Reached skill level 5 in Dodging
 10457 | Bailey   | Paralysed by an orc sorcerer for 4 turns
 10471 | Bailey   | Noticed a rust devil
 10473 | Bailey   | Killed an orc sorcerer
 10782 | Bailey   | Reached *** piety under Vehumet
 10831 | Bailey   | Found an iron altar of Okawaru.
 10872 | Bailey   | Noticed a sun demon
 11088 | Bailey   | Acquired the +1 pair of boots of Gallantry {Str+3 Slay+3}
 11498 | D:10     | Offered knowledge of Airstrike by Vehumet.
 11630 | D:10     | Gained mutation: When seriously injured, your blood forms
                  | armour. (AC +6) [demonic ancestry]
 11630 | D:10     | Reached XP level 11. HP: 56/83 MP: 17/23
 12020 | D:10     | Found a staircase to the Lair.
 12049 | D:10     | Identified the +1 pair of gloves of Amorality {rF- Str+2
                  | Dex+5}
 12442 | D:11     | Noticed a two-headed ogre
 12449 | D:11     | Killed a two-headed ogre
 12470 | D:11     | Noticed a two-headed ogre
 12476 | D:11     | Killed a two-headed ogre
 12553 | D:11     | Found Bievevup's Weapon Boutique.
 12630 | Lair:1   | Entered Level 1 of the Lair of Beasts
 12655 | Lair:1   | Reached skill level 1 in Evocations
 12657 | Lair:1   | Reached **** piety under Vehumet
 12658 | Lair:1   | Reached skill level 1 in Staves
 12675 | Lair:1   | Noticed Gastronok
 12803 | Lair:1   | Killed Gastronok
 12803 | Lair:1   | Offered knowledge of Freezing Cloud by Vehumet.
 12804 | Lair:1   | Reached skill level 2 in Staves
 12810 | Lair:1   | Learned a level 5 spell: Freezing Cloud
 13291 | Lair:1   | Reached skill level 3 in Staves
 13306 | Lair:1   | Noticed Sonja
 13312 | Lair:1   | Killed Sonja
 13313 | Lair:1   | Reached skill level 5 in Evocations
 13556 | Lair:1   | Reached skill level 8 in Staves
 13556 | Lair:1   | Reached XP level 12. HP: 92/92 MP: 24/24
 13736 | Lair:2   | Noticed Urug
 13747 | Lair:2   | Gained mutation: Spells you cast may paralyse nearby
                  | enemies. [demonic ancestry]
 13747 | Lair:2   | Reached XP level 13. HP: 98/98 MP: 13/25
 13759 | Lair:1   | Reached skill level 9 in Staves
 13770 | Lair:1   | HP: 4/98 [Urug/+5 eveningstar of protection (9)]
 13771 | Lair:1   | Hit by a javelin thrown by Urug

Illustrated notes

Levels and vault maps discovered:
D:1:      lightli_arrival_farm, layout_rooms
D:2:      layout_loops_ring
D:3:      minmay_recursive_quarters, layout_rooms,
          nicolae_overflow_hidden_temple, mainiacjoe_overflow_catwalk, uniq_ijyb
D:4:      cheibrodos_quashed, layout_gridville, serial_shops,
          nicolae_shop_waterfront, uniq_blork_the_orc
D:5:      layout_loops_corners, serial_shops, shop, grunt_decor_arrowhead,
          kennysheep_generic_room_11
D:6:      layout_basic, lemuel_doored_altar, lemuel_tele_altar, serial_shops,
          shop, fountainhead
D:7:      layout_basic, mainiacjoe_overflow_tiny_flanked, temple_green
D:8:      layout_basic, kennysheep_okawaru_gauntlet
D:9:      layout_irregular_city, erik_orc_4, minmay_misc_feat_iff
D:10:     layout_loops_ring, due_lair_maze_entry_diamond, enter_bailey_3,
          nrook_loot_triangle, minivault_27
D:11:     layout_roguey, serial_shops, shop, roderic_roman_lattice,
          lemuel_nasty_fountain
Temple:   nicolae_temple_superstar
Lair:1:   layout_chaotic_city, lemuel_fruit_fields, lemuel_fruit_tree,
          uniq_gastronok, uniq_sonja
Lair:2:   lemuel_slime, layout_gridlike, hangedman_lair_generics_rect, uniq_urug

Skill      XL: |  1  2  3  4  5  6  7  8  9 10 11 12 13 |
---------------+----------------------------------------+-----
Hexes          | 2 3 4 6 |  6.1
Conjurations   | 5 7 |  7.0
Spellcasting   | 3 4 6 8 |  8.0
Translocations | 5 |  5.0
Shields        | 3 4 |  4.0
Fighting       | 3 6 8 |  8.0
Dodging        | 4 6 8 |  8.0
Evocations     | 5 6 |  6.0
Staves         | 8 9 |  9.4
Stealth        | |  1.7

Action                     |  1- 3 |  4- 6 |  7- 9 | 10-12 | 13-15 || total
---------------------------+-------+-------+-------+-------+-------++-------
  Melee: Hand axe          |    11 |     9 |    12 |       |       ||    32
         Headbutt          |       |       |     2 |    19 |     1 ||    22
         Staff             |       |       |       |    44 |     3 ||    47
   Fire: Sling             |       |       |   105 |       |       ||   105
   Cast: Magic Dart        |    74 |    63 |    67 |    97 |       ||   301
         Searing Ray       |     5 |    13 |    30 |    34 |     2 ||    84
         Dazzling Flash    |       |     1 |     1 |     1 |       ||     3
         Iskenderun's Myst |       |       |     3 |    40 |     7 ||    50
         Fulminant Prism   |       |       |     9 |    31 |     2 ||    42
         Mephitic Cloud    |       |       |       |     9 |     1 ||    10
  Evoke: Wand              |       |       |     3 |    24 |       ||    27
    Use: Scroll            |    10 |       |    11 |     7 |     1 ||    29
         Potion            |       |     1 |       |     2 |     2 ||     5
   Stab: Paralysed         |       |       |     5 |    13 |     1 ||    19
 Armour: Robe              |     7 |     7 |    34 |    31 |    13 ||    92
  Dodge: Dodged            |    17 |    13 |    60 |    71 |     8 ||   169
  Block: Buckler           |       |       |    10 |    22 |     3 ||    35

Table legend: (Time is in decaauts)
 A = Elapsed time spent in this place.
 B = Non-inter-level travel time spent in this place.
 C = Inter-level travel time spent in this place.
 D = Time resting spent in this place.
 E = Time spent auto-exploring this place.
 F = Levels seen in this place.
 G = Mean time per level.
                   A        B        C        D        E       F      G
               +--------+--------+--------+--------+--------+-----+--------+
         Total |  13875 |  12982 |    893 |    934 |  10076 |  15 |  925.0 |
       Dungeon |  11853 |  10999 |    854 |    795 |   8705 |  11 | 1077.5 |
        Temple |     31 |     11 |     20 |      0 |      5 |   1 |   31.0 |
          Lair |   1042 |   1024 |     18 |      3 |    827 |   2 |  521.0 |
        Bailey |    947 |    947 |      0 |    136 |    539 |   1 |  947.0 |
               +--------+--------+--------+--------+--------+-----+--------+

Top non-repeatable levels by time:
     D:5: 1412 daAuts
     D:3: 1337 daAuts
     D:9: 1213 daAuts
     D:6: 1212 daAuts
     D:7: 1172 daAuts
     D:4: 1146 daAuts
     D:2: 1107 daAuts
    D:10: 1034 daAuts
  Lair:1: 1024 daAuts
     D:8: 1013 daAuts
     D:1: 952 daAuts
  Bailey: 947 daAuts
    D:11: 250 daAuts
  Temple: 31 daAuts
  Lair:2: 18 daAuts
